 Dungeon Crawl Stone Soup version 0.18.1-6-gd335043 (webtiles) character file.

270996 ololoev the Fencer (level 19, 0/138 HPs)
             Began as a High Elf Artificer on May 16, 2016.
             Was the Champion of Nemelex Xobeh.
             Succumbed to a deep elf annihilator's poison arrow
             ... on level 4 of the Vaults on May 17, 2016.
             The game lasted 02:56:36 (45191 turns).

ololoev the Fencer (High Elf Artificer)            Turns: 45191, Time: 02:56:37

Health: 0/138      AC: 31    Str: 16    XL:     19   Next: 44%
Magic:  31/31      EV: 13    Int: 10    God:    Nemelex Xobeh [******]
Gold:   1635       SH: 13    Dex: 21    Spells: 1 memorised, 15 levels left

rFire  . . .     SeeInvis +     a - +4 demon blade "Cuget" {vamp, rElec rN+ Int-5 SInv}
rCold  . . .     Gourm    .     p - +1 plate armour {MR+}
rNeg   + + .     Faith    +     q - +1 shield {rN+}
rPois  .         Spirit   .     d - +2 helmet
rElec  +         Dismiss  .     K - +0 cloak
rCorr  .         Reflect  .     z - +1 pair of gloves
SustAt .         Harm     .     L - +1 pair of boots {Stlth+}
MR     ++...                    t - amulet of faith
Stlth  ..........               G - +4 ring of protection
                                v - +4 ring of slaying

@: lethally poisoned (0 -> -6), very slightly contaminated, drained, very
resistant to hostile enchantments, extremely unstealthy
A: regeneration 1, wild magic 1
a: Triple Draw, Deal Four, Stack Five, Renounce Religion
}: 2/15 runes: decaying, gossamer


Innate Abilities, Weirdness & Mutations

Your natural rate of healing is unusually fast.
Your spells are a little harder to cast, but a little more powerful.

Inventory:

Hand Weapons
 a - the +4 demon blade "Cuget" (weapon) {vamp, rElec rN+ Int-5 SInv}
   (You acquired it on level 4 of the Spider Nest)

   It inflicts no extra harm, but heals its wielder somewhat when it strikes a
   living foe.
   It affects your intelligence (-5).
   It insulates you from electricity.
   It protects you from negative energy.
   It lets you see invisible.
Armour
 d - a +2 helmet (worn)
 p - a +1 plate armour of magic resistance (worn)
 q - a +1 shield of positive energy (worn)
 z - a +1 pair of gloves (worn)
 K - a +0 cloak (worn)
 L - a +1 pair of boots of stealth (worn)
Rods
 b - a +3 rod of clouds (13/13)
   (You found it on level 3 of the Lair of Beasts)
Jewellery
 j - the ring "Kist" {+Blink rC+ Dex+4}
   (You found it on level 10 of the Dungeon)

   [ring of dexterity]

   It affects your dexterity (+4).
   It protects you from cold.
   It lets you blink.
 t - an amulet of faith (around neck)
 v - a +4 ring of slaying (left hand)
 G - a +4 ring of protection (right hand)
 M - an uncursed ring of protection from fire {unknown}
 W - an uncursed ring of fire
Wands
 U - a wand of teleportation (5/9)
Scrolls
 c - 4 scrolls of identify
 h - 9 scrolls of teleportation
 k - 3 scrolls of summoning
 n - 3 scrolls of brand weapon
 u - 2 scrolls of magic mapping
 x - 23 scrolls of remove curse
 y - a scroll of blinking
 A - a scroll of fog
 E - 5 scrolls of enchant weapon
 O - 5 scrolls of fear
 P - a scroll of immolation
 Y - 4 scrolls of recharging
Potions
 e - 3 potions of cure mutation
 s - 2 potions of haste
 B - a potion of cancellation
 D - a potion of resistance
 F - 7 potions of flight
 H - 6 potions of curing
 I - 6 potions of ambrosia
 J - 4 potions of agility
 N - 3 potions of might
 Q - 3 potions of heal wounds
Miscellaneous
 i - a legendary deck of destruction {drawn: 1}
 l - a phial of floods (inert)
 w - a legendary deck of destruction
 C - a legendary deck of destruction
Comestibles
 f - 11 bread rations
 r - 58 fruits


   Skills:
 + Level 14.8(14.6) Fighting
   Level 1.2(13.0) Short Blades
 - Level 19.3(19.1) Long Blades
 + Level 13.9(13.7) Armour
 + Level 15.0(14.8) Dodging
 - Level 1.1(0.9) Stealth
 + Level 10.7(10.5) Shields
 + Level 15.3(15.1) Evocations


You had 15 spell levels left.
You knew the following spells:

 Your Spells              Type           Power        Failure   Level  Hunger
a - Regeneration          Chrm/Necr      #.........   100%        3    ####...


You were on level 4 of the Vaults.
You worshipped Nemelex Xobeh.
Nemelex Xobeh was exalted by your worship.
You were hungry.

You visited 7 branches of the dungeon, and saw 38 of its levels.

You collected 3916 gold pieces.
You spent 2021 gold pieces at shops.

#.......#
#...e...#
#.......#
#.ee....#
#.pe§...#
#...e...#
#e......#
#.......+
#...?..@#
#+##+####

Notes
Turn   | Place    | Note
--------------------------------------------------------------
     0 | D:1      | ololoev the High Elf Artificer began the quest for the Orb.
     0 | D:1      | Reached XP level 1. HP: 13/13 MP: 4/4
   331 | D:1      | Reached skill level 1 in Armour
   331 | D:1      | Reached XP level 2. HP: 15/18 MP: 5/5
  1056 | D:1      | Reached XP level 3. HP: 23/23 MP: 6/6
  1605 | D:3      | Noticed a crocodile
  1605 | D:3      | a worm changed into a crocodile
  1884 | D:4      | Found a sacrificial altar of Ru.
  1884 | D:4      | Found a glowing golden altar of the Shining One.
  1917 | D:5      | Entered Level 5 of the Dungeon
  1927 | D:5      | Reached XP level 4. HP: 24/29 MP: 7/7
  1948 | D:5      | Reached XP level 5. HP: 11/35 MP: 9/9
  2161 | D:5      | Found an oddly glowing altar of Pakellas.
  2185 | D:5      | Noticed Menkaure
  2313 | D:5      | Killed Menkaure
  2366 | D:5      | Noticed an ice beast
  2376 | D:5      | Killed an ice beast
  2376 | D:5      | Reached skill level 5 in Evocations
  2376 | D:5      | Reached XP level 6. HP: 42/42 MP: 10/10
  3000 | D:5      | Reached XP level 7. HP: 46/46 MP: 12/12
  3622 | D:4      | Found a glowing silver altar of Zin.
  3665 | D:4      | Found a sparkling altar of Nemelex Xobeh.
  3676 | D:4      | Became a worshipper of Nemelex Xobeh the Trickster
  3733 | D:3      | Reached skill level 1 in Long Blades
  3752 | D:2      | Received a gift from Nemelex Xobeh
  3879 | D:1      | Gained mutation: Your spells are a little harder to cast, but a little more powerful. [potion of beneficial mutation]
  4003 | D:2      | Reached skill level 2 in Long Blades
  4095 | D:2      | Noticed Robin
  4119 | D:2      | Killed Robin
  4190 | D:2      | Found a shattered altar of Ashenzari.
  4803 | D:3      | Found an iron altar of Okawaru.
  5267 | D:3      | Reached skill level 3 in Long Blades
  5340 | D:4      | Reached * piety under Nemelex Xobeh
  5460 | D:4      | Reached XP level 8. HP: 54/54 MP: 13/13
  5927 | D:6      | Reached skill level 4 in Long Blades
  6324 | D:6      | Received a gift from Nemelex Xobeh
  6374 | D:6      | Hired Lodwol the naga for 168 gold.
  6503 | D:6      | Noticed Pikel
  6505 | D:6      | Noticed Pikel
  6505 | D:6      | Pikel changed into Pikel the basilisk
  6515 | D:6      | Killed Pikel the basilisk
  6515 | D:6      | Reached skill level 5 in Long Blades
  6542 | D:6      | Killed a warg
  6926 | D:7      | Reached ** piety under Nemelex Xobeh
  6967 | D:7      | Found a blossoming altar of Fedhas.
  6968 | D:7      | Reached skill level 5 in Fighting
  6984 | D:7      | Reached skill level 5 in Armour
  7056 | D:7      | Reached skill level 6 in Long Blades
  7222 | D:7      | Found a staircase to the Ecumenical Temple.
  7313 | D:7      | Received a gift from Nemelex Xobeh
  7414 | D:7      | Reached XP level 9. HP: 51/61 MP: 15/15
  7815 | D:8      | Found a stormy altar of Qazlal.
  7837 | D:8      | Found a deep blue altar of Sif Muna.
  7870 | D:8      | Your ally Lodwol died
  8034 | D:8      | Reached skill level 7 in Long Blades
  8072 | D:8      | Found Iniseh's Jewellery Shoppe.
  8550 | D:9      | Reached *** piety under Nemelex Xobeh
  8569 | D:9      | Noticed a hill giant
  8579 | D:9      | Killed a hill giant
  8588 | D:9      | Reached skill level 8 in Long Blades
  9134 | D:9      | Found a snail-covered altar of Cheibriados.
  9182 | D:9      | Found a white marble altar of Elyvilon.
  9780 | D:10     | Entered Level 10 of the Dungeon
  9783 | D:10     | Noticed Josephine
  9835 | D:9      | Reached XP level 10. HP: 31/69 MP: 16/16
  9953 | D:9      | Reached skill level 9 in Long Blades
 10459 | D:10     | Killed Josephine
 10459 | D:10     | Reached skill level 5 in Dodging
 10586 | D:10     | Reached **** piety under Nemelex Xobeh
 10586 | D:10     | Received a gift from Nemelex Xobeh
 10614 | D:10     | Got a slimy bone ring
 10616 | D:10     | Identified the ring "Kist" {+Blink rC+ Dex+4} (You found it on level 10 of the Dungeon)
 10641 | D:10     | Reached skill level 10 in Long Blades
 11532 | D:8      | Bought an uncursed amulet of faith for 440 gold pieces
 11599 | Temple   | Entered the Ecumenical Temple
 11601 | Temple   | Received a gift from Nemelex Xobeh
 11777 | D:11     | Noticed a hill giant
 11969 | D:11     | Found a staircase to the Orcish Mines.
 11990 | D:11     | Killed a hill giant
 11998 | D:11     | Noticed a hill giant
 12009 | D:10     | Reached XP level 11. HP: 57/75 MP: 18/18
 12103 | D:11     | Killed a hill giant
 12105 | D:11     | Noticed a green ugly thing
 12138 | D:10     | Gained mutation: Your natural rate of healing is unusually fast. [mutagenic meat]
 12185 | D:11     | Noticed a griffon
 12185 | D:11     | a green ugly thing changed into a griffon
 12188 | D:11     | Reached skill level 11 in Long Blades
 12190 | D:11     | Killed a griffon
 12214 | D:11     | Received a gift from Nemelex Xobeh
 12287 | D:11     | Found a staircase to the Lair.
 12460 | D:11     | Reached ***** piety under Nemelex Xobeh
 12564 | D:12     | Received a gift from Nemelex Xobeh
 12613 | D:12     | Noticed a shock serpent
 12613 | D:12     | a slime creature changed into a shock serpent
 12616 | D:12     | Killed a shock serpent
 13021 | D:12     | Found a burning altar of Makhleb.
 13034 | D:12     | Noticed a hill giant
 13044 | D:12     | Killed a hill giant
 13589 | Orc:1    | Entered Level 1 of the Orcish Mines
 13589 | Orc:1    | Noticed Maurice
 13591 | Orc:1    | Noticed an orc knight
 13592 | Orc:1    | Noticed an orc high priest
 13592 | Orc:1    | Reached skill level 12 in Long Blades
 13592 | Orc:1    | Killed Maurice
 13592 | Orc:1    | Killed an orc high priest
 13816 | D:11     | Killed an orc knight
 14115 | Orc:1    | Noticed an orc warlord
 14152 | Orc:1    | Killed an orc warlord
 14370 | Orc:2    | Entered Level 2 of the Orcish Mines
 14397 | Orc:2    | Reached XP level 12. HP: 59/84 MP: 20/20
 14467 | Orc:2    | Found a staircase to the Elven Halls.
 14467 | Orc:2    | Received a gift from Nemelex Xobeh
 14544 | Orc:2    | Noticed a stone giant
 14690 | Orc:2    | Killed a stone giant
 14743 | Orc:2    | Received a gift from Nemelex Xobeh
 14864 | Orc:2    | Noticed an ogre mage
 14868 | Orc:2    | Noticed an ogre mage
 14869 | Orc:2    | Killed an ogre mage
 14877 | Orc:2    | Killed an ogre mage
 14881 | Orc:2    | Reached skill level 13 in Long Blades
 14933 | Orc:2    | Noticed an ogre mage
 14963 | Orc:2    | Killed an ogre mage
 15053 | Orc:2    | Reached skill level 10 in Evocations
 15056 | Orc:2    | Noticed an ogre mage
 15066 | Orc:2    | Killed an ogre mage
 15255 | Orc:2    | Found Zedd's Armour Emporium.
 15255 | Orc:2    | Found Onworrai's Gadget Shop.
 15256 | Orc:2    | Found Zikh's Food Boutique.
 15256 | Orc:2    | Found Zeulauph's Antique Armour Emporium.
 15269 | Orc:2    | Bought a slimy scale mail for 351 gold pieces
 15279 | Orc:2    | Identified the +2 scale mail "Nighef" {rF- Regen+ rCorr Int+3} (You bought it in a shop on level 2 of the Orcish Mines)
 15919 | Orc:1    | Found a roughly hewn altar of Beogh.
 15929 | Orc:1    | Noticed Snorg
 15950 | Orc:1    | Noticed a purple very ugly thing
 16107 | Orc:1    | Killed Snorg
 16229 | Orc:1    | Received a gift from Nemelex Xobeh
 16362 | Orc:2    | Bought a phial of floods for 480 gold pieces
 16494 | D:13     | Noticed Yehuk's ghost (journeyman GrFi)
 16524 | D:13     | Killed Yehuk's ghost
 16815 | D:13     | Reached skill level 14 in Long Blades
 17102 | D:13     | Noticed an eight-headed hydra
 17110 | D:13     | Killed a nine-headed hydra
 17356 | D:13     | Reached XP level 13. HP: 73/90 MP: 21/21
 17478 | D:13     | Found a burning altar of Makhleb.
 17550 | Lair:1   | Entered Level 1 of the Lair of Beasts
 17672 | Lair:1   | Received a gift from Nemelex Xobeh
 17825 | Lair:1   | Received a gift from Nemelex Xobeh
 18123 | Lair:1   | Received a gift from Nemelex Xobeh
 18368 | Lair:2   | Reached skill level 1 in Shields
 18740 | Lair:2   | Received a gift from Nemelex Xobeh
 19349 | Lair:3   | Identified a +0 rod of clouds (10/10) (You found it on level 3 of the Lair of Beasts)
 19457 | Lair:3   | Found a staircase to the Swamp.
 19820 | Lair:3   | Received a gift from Nemelex Xobeh
 20010 | Lair:4   | Found a hole to the Spider Nest.
 20018 | Lair:4   | Reached skill level 10 in Fighting
 20272 | Lair:4   | Received a gift from Nemelex Xobeh
 20362 | Lair:4   | Noticed Urug
 20377 | Lair:4   | Killed Urug
 20425 | Lair:4   | Reached ****** piety under Nemelex Xobeh
 20567 | Lair:4   | Received a gift from Nemelex Xobeh
 20686 | Lair:4   | Learned a level 3 spell: Regeneration
 21360 | Lair:5   | Received a gift from Nemelex Xobeh
 21559 | Lair:5   | Reached skill level 15 in Long Blades
 21811 | Lair:5   | Received a gift from Nemelex Xobeh
 22382 | Lair:6   | Received a gift from Nemelex Xobeh
 22631 | Lair:6   | Noticed Maud
 22653 | Lair:6   | Killed Maud
 22653 | Lair:6   | Reached XP level 14. HP: 62/99 MP: 23/23
 22736 | Lair:6   | Received a gift from Nemelex Xobeh
 22959 | Lair:6   | Received a gift from Nemelex Xobeh
 22959 | Lair:6   | Received a gift from Nemelex Xobeh
 23623 | Lair:7   | Reached skill level 10 in Dodging
 23695 | Lair:7   | Received a gift from Nemelex Xobeh
 23836 | Lair:7   | Reached skill level 10 in Armour
 23904 | Lair:7   | Received a gift from Nemelex Xobeh
 23996 | Lair:7   | Found a blossoming altar of Fedhas.
 24383 | Lair:7   | Received a gift from Nemelex Xobeh
 24510 | Lair:8   | Entered Level 8 of the Lair of Beasts
 24604 | Lair:8   | Reached skill level 5 in Shields
 24635 | Lair:8   | Received a gift from Nemelex Xobeh
 24746 | Lair:8   | Found a staircase to the Slime Pits.
 24794 | Lair:8   | Reached skill level 16 in Long Blades
 24985 | Lair:8   | Received a gift from Nemelex Xobeh
 25242 | Lair:8   | Got a jewelled scale mail
 25253 | Lair:8   | Identified the +6 scale mail of Icut {rC- MR++ Str+5} (You found it on level 8 of the Lair of Beasts)
 25486 | Lair:8   | Received a gift from Nemelex Xobeh
 26260 | D:13     | DEFE: Sup
 26260 | D:13     | ololoev: yo
 26297 | D:13     | DEFE: Что за ран?
 26299 | D:13     | ololoev: просто
 26313 | D:13     | DEFE: Я вчера сделал немелекс чойз 3 и политикан 3
 26324 | D:13     | ololoev: норм!
 26441 | D:13     | Found a gate to the Vaults.
 26483 | D:13     | DEFE: я хочу еще стрик
 26497 | D:13     | DEFE: и лорд оф даркнесс
 26497 | D:13     | ololoev: я думаю стрик я точно не успею
 26603 | D:13     | DEFE: а до какого турнир?
 26731 | D:13     | ololoev: до конца недели вроде
 26732 | D:13     | DEFE: нда
 26736 | D:13     | Got a polished scale mail
 26747 | D:13     | Identified the +3 scale mail of Context {+Blink rN+ Str+3 Int-2} (You found it on level 13 of the Dungeon)
 27089 | D:14     | Found a basalt altar of Yredelemnul.
 27089 | D:14     | Received a gift from Nemelex Xobeh
 27223 | D:14     | DEFE: лод тяжело делать
 27254 | D:14     | DEFE: дошел о U
 27255 | D:14     | DEFE: рЦ не завезли
 27258 | D:14     | DEFE: два прохладных дракона на входе
 27271 | D:14     | DEFE: зельев нет
 27300 | D:14     | DEFE: теле не успел
 27300 | D:14     | Noticed a cyan very ugly thing
 27310 | D:14     | ololoev: да, с лодом как повезет в депсах
 27371 | D:14     | Identified a +5 rod of clouds (9/9) (You found it on level 14 of the Dungeon)
 27549 | D:14     | Reached XP level 15. HP: 85/106 MP: 25/25
 27772 | D:14     | Noticed Sonja
 27805 | D:14     | Killed Sonja
 27825 | D:14     | Found an oddly glowing altar of Pakellas.
 27844 | D:14     | Received a gift from Nemelex Xobeh
 27945 | D:15     | Entered Level 15 of the Dungeon
 27961 | D:15     | DEFE: вандов нет что ли?
 27961 | D:15     | ololoev: нет
 27961 | D:15     | DEFE: конфуз или паралич
 27985 | D:15     | DEFE: Циан крайне опасны
 28106 | D:15     | DEFE: без рЭлек
 28240 | D:15     | DEFE: вот за что не люблю немелкса
 28243 | D:15     | DEFE: так это за то что не напасешься слотов
 28249 | D:15     | DEFE: инвентаря
 28281 | D:15     | ololoev: это да
 28469 | D:15     | Found a staircase to the Depths.
 28678 | D:15     | Received a gift from Nemelex Xobeh
 28772 | D:15     | Reached skill level 17 in Long Blades
 28859 | D:15     | Found a sacrificial altar of Ru.
 28932 | D:15     | DEFE: заиденти g
 29003 | D:15     | ololoev: саммон
 29003 | D:15     | DEFE: пентаграммы нет
 29168 | Swamp:1  | Entered Level 1 of the Swamp
 29172 | Swamp:1  | ololoev: есть в другой деке
 29213 | Swamp:1  | Received a gift from Nemelex Xobeh
 30682 | Orc:2    | Bought a +0 swamp dragon armour for 750 gold pieces
 30979 | Swamp:2  | Received a gift from Nemelex Xobeh
 31770 | Swamp:2  | Received a gift from Nemelex Xobeh
 32057 | Swamp:3  | Reached XP level 16. HP: 109/114 MP: 26/26
 32077 | Swamp:3  | jacquesderrida: HEAr me out, mister....
 32164 | Swamp:3  | Received a gift from Nemelex Xobeh
 32458 | Swamp:3  | Received a gift from Nemelex Xobeh
 32996 | Swamp:4  | Entered Level 4 of the Swamp
 33048 | Swamp:4  | ololoev: охохо
 33048 | Swamp:4  | ololoev: привать экзек скорости это весело
 33048 | Swamp:4  | ololoev: главное чтобы его мимогидра быстро не вынесла
 33050 | Swamp:4  | Reached skill level 18 in Long Blades
 33052 | Swamp:4  | DEFE: лол
 33124 | Swamp:4  | Noticed a thorn hunter
 33127 | Swamp:4  | Killed a thorn hunter
 33128 | Swamp:4  | ololoev: олололололо!!!!
 33128 | Swamp:4  | ololoev: панлорд с глацем
 33145 | Swamp:4  | Received a gift from Nemelex Xobeh
 33151 | Swamp:4  | Got a decaying rune of Zot
 33185 | Swamp:4  | Identified 3 scrolls of acquirement
 33210 | Swamp:4  | Noticed a tentacled monstrosity
 33217 | Swamp:4  | Killed a tentacled monstrosity
 33599 | Swamp:4  | Received a gift from Nemelex Xobeh
 33906 | Spider:1 | Entered Level 1 of the Spider Nest
 35141 | Spider:2 | Received a gift from Nemelex Xobeh
 35845 | Spider:2 | Reached skill level 19 in Long Blades
 36133 | Spider:2 | Reached XP level 17. HP: 91/121 MP: 28/28
 36378 | Spider:2 | Noticed Louise
 36383 | Spider:2 | Killed Louise
 36703 | Spider:3 | Received a gift from Nemelex Xobeh
 38031 | Spider:4 | Entered Level 4 of the Spider Nest
 38046 | Spider:3 | jacquesderrida: че тут у вас сырнички
 38056 | Spider:3 | ololoev: спидеров бью
 38315 | Spider:4 | Got a steaming demon blade
 38319 | Spider:4 | Identified the +4 demon blade "Cuget" {vamp, rElec rN+ Int-5 SInv} (You acquired it on level 4 of the Spider Nest)
 38320 | Spider:4 | ololoev: ну в принципе норм
 38474 | Spider:4 | Noticed Arachne
 38519 | Spider:4 | ololoev: а теперь хитрый финт!
 38521 | Spider:4 | Noticed Arachne
 38521 | Spider:4 | Arachne changed into Arachne the shadow dragon
 38535 | Spider:4 | Killed Arachne the shadow dragon
 38569 | Spider:4 | Gained mutation: You are agile. (Dex +2) [helix card]
 38571 | Spider:4 | DEFE: меч тупого табера
 38769 | Spider:4 | Received a gift from Nemelex Xobeh
 38996 | Spider:4 | Got a gossamer rune of Zot
 39261 | Spider:4 | Received a gift from Nemelex Xobeh
 39283 | Spider:4 | Noticed Roxanne
 39297 | Spider:4 | Killed Roxanne
 39542 | Vaults:1 | Entered Level 1 of the Vaults
 39747 | Vaults:1 | Reached XP level 18. HP: 127/129 MP: 29/29
 39844 | Vaults:1 | Received a gift from Nemelex Xobeh
 39967 | Vaults:1 | Found Unetre's Book Shop.
 40362 | Vaults:1 | Lost mutation: You are agile. (Dex +2) [a shining eye]
 40594 | Vaults:1 | Received a gift from Nemelex Xobeh
 41549 | Vaults:2 | Received a gift from Nemelex Xobeh
 42337 | Vaults:2 | Received a gift from Nemelex Xobeh
 42444 | Vaults:2 | Reached skill level 10 in Shields
 42455 | Vaults:2 | HP: 4/132 [yaktaur captain/bolt (5)]
 43096 | Vaults:2 | Reached skill level 15 in Evocations
 43112 | Vaults:2 | Reached XP level 19. HP: 137/137 MP: 31/31
 43372 | Vaults:3 | Received a gift from Nemelex Xobeh
 43642 | Vaults:3 | Found a staircase to the Crypt.
 43885 | Vaults:3 | Received a gift from Nemelex Xobeh
 44625 | Vaults:4 | Reached skill level 15 in Dodging
 45010 | Vaults:4 | Identified the Tome of Clay and Changing
 45190 | Vaults:4 | HP: 1/138 [deep elf annihilator/poison arrow[an ironheart preserver] (37)]
 45191 | Vaults:4 | Succumbed to a deep elf annihilator's poison arrow

Dungeon Overview and Level Annotations

Branches:
Dungeon (15/15)            Temple (1/1) D:7            Lair (8/8) D:11
  Swamp (4/4) Lair:3       Spider (4/4) Lair:4        Slime (0/6) Lair:8
    Orc (2/2) D:11            Elf (0/3) Orc:2        Vaults (4/5) D:13
  Crypt (0/3) Vaults:3     Depths (0/5) D:15

Altars:
Ashenzari
Cheibriados
Dithmenos
Elyvilon
Fedhas
Gozag
Kikubaaqudgha
Makhleb
Nemelex Xobeh
Okawaru
Pakellas
Qazlal
Ru
Sif Muna
Trog
Vehumet
Xom
Yredelemnul
Zin
The Shining One
Beogh

Shops:
D:8 =   Orc:2 %[[}   Vaults:1 :


Message History

A vault warden comes into view. It is wielding a bardiche.
Your plate armour prevents you from hitting the orc knight.
The orc knight is heavily wounded.
You feel sick.
The orc knight roars a battlecry!
The orc knight hits you but does no damage.
You closely miss the orc knight.
The orc knight is heavily wounded.
You feel sick.
The orc priest no longer looks unusually strong. x2
The vault warden hits you from afar with a halberd of venom!
The vault sentinel blows a loud note on a signal horn!
The vault guard hits you from afar with a bardiche.
Welcome back, ololoev the High Elf Artificer.
Nemelex Xobeh says: It's all in the cards!
Press ? for a list of commands and other information.
You feel sick.
The vault sentinel blows a loud note on a signal horn!
You feel sick.
The vault warden activates a sealing rune.
A door slams shut!
A warg comes into view.
You feel sick.
The orc knight roars a battlecry!
The orc priests go into a battle-frenzy!
You feel sick.
The orc priest mumbles some strange prayers to Beogh against you.
Beogh smites you!
Evoke which item? (* to show all) (? for menu, Esc to quit)
You draw a card...
It is Venom.
You have drawn Venom.
Press: ? - help, Shift-Dir - straight line, f - orc knight
Aim: an orc knight, wielding a war axe and wearing a chain mail (heavily wounded)
The poison arrow hits the orc knight.
The orc knight is poisoned.
You kill the orc knight!
You feel sick.
The vault sentinel blows a loud note on a signal horn! x2
The vault warden hits you from afar with a halberd of venom!!
You are more poisoned.
Unknown command.
Drink which item? (? for menu, Esc to quit)
You feel better.
The vault guard hits you but does no damage.
Read which item? (? for menu, Esc to quit)
As you read the scroll of teleportation, it crumbles to dust.
You feel strangely unstable. You block the vault warden's attack.
The vault sentinel blows a loud note on a signal horn!
The vault guard hits you from afar with a bardiche!
The orc priest casts a cantrip, but nothing happens.
The vault warden activates a sealing rune.
The vault sentinel blows a loud note on a signal horn!
Your surroundings suddenly seem different.
An ironheart preserver comes into view. It is wielding a mace.
The ironheart preserver shouts!
A deep elf knight comes into view. It is wielding a scimitar.
The deep elf knight shouts!
A deep elf knight comes into view. It is wielding a short sword.
The deep elf knight shouts!
A deep elf mage comes into view. It is wielding a long sword.
The deep elf mage shouts!
A deep elf mage comes into view. It is wielding a short sword.
The deep elf mage shouts!
A deep elf annihilator comes into view.
It is wielding an enchanted short sword.
The deep elf annihilator shouts!
The deep elf mage gestures at you while chanting.
The bolt of negative energy hits you! You partially resist.
You feel drained. You block the deep elf knight's attack.
The deep elf annihilator casts a spell at you.
The poison arrow hits you!
You are poisoned.
Found a scroll of teleportation.
A deep elf sorcerer comes into view. It is wielding a long sword.
Unknown command.
Read which item? (? for menu, Esc to quit)
Blink to where?
Press: ? - help, Dir - move target cursor You are very lightly contaminated with residual magic.
As you read the scroll of blinking, it crumbles to dust.
You die...
Your body glows with a rainbow of weird colours and disappears.

You could see an ironheart preserver, a deep elf annihilator, a deep elf sorcerer, 2 deep elf knights and 2 deep elf magi.

Vanquished Creatures
  A tentacled monstrosity (Swamp:4)
  A quicksilver dragon (Vaults:1)
  An ancient champion (Vaults:3)
  2 sphinxes
  A fire giant (Vaults:2)
  Roxanne (Spider:4)
  An orc warlord (Orc:1)
  4 emperor scorpions
  A frost giant (Vaults:4)
  5 ghost moths
  5 vault wardens
  Maud (Lair:6)
  Louise (Spider:2)
  8 ironheart preservers
  2 stone giants (Vaults:2)
  A vampire knight (Vaults:3)
  2 spark wasps
  A fire dragon (Vaults:1)
  2 deep elf death magi
  3 ettins
  A minotaur (Lair:7)
  Snorg (Orc:1)
  A jiangshi (Vaults:3)
  Josephine (D:10)
  4 vault guards
  2 yaktaur captains
  11 hydras
  3 entropy weavers
  A rakshasa (Vaults:1)
  The ghost of Yehuk the Tortoise, a journeyman GrFi of Okawaru (D:13)
  4 ice dragons
  3 ghost crabs
  4 centaur warriors
  3 ogre magi
  A death knight (Vaults:2)
  3 catoblepae
  6 alligators
  A small abomination (Vaults:2)
  A queen ant (Spider:4)
  9 death yaks
  2 tengu warriors (D:15)
  A deep troll shaman (Lair:8)
  An orc high priest (Orc:1)
  A shock serpent (D:12)
  2 deep elf knights
  3 deep troll earth magi
  Sonja (D:14)
  2 fire crabs
  2 skeletal warriors (Vaults:1)
  3 wizards
  7 giant leeches
  A shadow wraith (Vaults:3)
  2 unseen horrors
  A giant orange brain (Spider:4)
  3 spriggan druids
  8 swamp dragons
  14 deep trolls
  10 hill giants
  3 orc knights
  A deep elf archer (Vaults:1)
  A mana viper (Spider:4)
  3 harpies (Vaults:1)
  15 deep elf magi
  A necromancer (Vaults:3)
  11 ironbrand convokers
  A lindwurm (Lair:8)
  A phantasmal warrior (Vaults:2)
  17 orb spiders
  A wolf spider zombie (D:15)
  A lindwurm (shapeshifter) (Vaults:2)
  2 shambling mangroves
  A faun (D:12)
  9 griffons
  A shining eye (shapeshifter) (Vaults:1)
  2 oklob plants
  18 ugly things
  A manticore (D:15)
  4 hornets
  2 cyclopes
  A moth of wrath (Spider:4)
  Maurice (Orc:1)
  8 vault sentinels
  15 elephants
  A tengu skeleton (Vaults:3)
  A water nymph (Spider:2)
  12 black mambas
  A guardian serpent (D:15)
  A torpor snail (Spider:4)
  10 spiny frogs
  2 rime drakes
  An efreet (D:13)
  20 yaktaurs
  8 kobold demonologists
  A komodo dragon (shapeshifter) (Vaults:1)
  20 orc warriors
  11 demonic crawlers
  9 komodo dragons
  A freezing wraith (Vaults:1)
  2 tengu conjurers (D:14)
  28 jumping spiders
  8 trolls
  32 wolf spiders
  A jumping spider (shapeshifter) (D:15)
  2 merfolk (shapeshifter)
  A wind drake (Spider:4)
  9 two-headed ogres
  4 bog bodies
  27 slime creatures
  13 blink frogs
  2 polar bears (Lair:6)
  A raiju (Lair:6)
  4 boulder beetles
  A stone giant simulacrum (Vaults:3)
  6 shadows
  51 redbacks
  A wyvern (D:13)
  5 spriggans
  27 tarantellas
  4 basilisks
  A hog (shapeshifter) (D:15)
  19 yaks
  6 wraiths
  A hog (Lair:5)
  14 vampire mosquitoes
  3 steam dragons
  A hungry ghost (D:15)
  9 hippogriffs
  3 mottled dragons
  2 wargs
  10 insubstantial wisps (Swamp:2)
  21 swamp worms
  13 water moccasins
  11 porcupines
  A water moccasin (shapeshifter) (Vaults:3)
  7 swamp drakes
  6 sky beasts
  4 black bears
  An eye of draining (shapeshifter) (Vaults:3)
  3 ice beasts
  17 wasps
  4 necrophages (Swamp:3)
  An ettin simulacrum (Vaults:3)
  2 eyes of draining
  A black bear (shapeshifter) (Vaults:1)
  A phantom (D:10)
  14 wolves
  7 centaurs
  An ogre (shapeshifter) (Vaults:1)
  29 ogres
  6 boggarts
  17 crocodiles
  A crocodile (shapeshifter) (Vaults:1)
  9 big kobolds
  21 giant frogs
  11 orc wizards
  A gnoll sergeant (D:9)
  8 scorpions
  2 killer bees (D:13)
  3 howler monkeys
  A wight (D:5)
  7 electric eels
  A centaur zombie (D:6)
  6 hounds
  5 crimson imps
  A human simulacrum (Vaults:2)
  A hound (shapeshifter) (D:15)
  10 orc priests
  5 jellies
  8 centaur skeletons
  3 giant frog skeletons
  8 worker ants
  7 iguanas
  25 sheep
  A hound zombie (D:8)
  A worker ant zombie (D:3)
  Robin (D:2)
  6 gnolls
  A howler monkey skeleton (D:3)
  6 adders
  34 river rats
  A shadow imp (D:15)
  2 adder zombies
  3 worms
  6 dart slugs
  5 giant geckos
  48 orcs
  8 giant cockroaches
  15 goblins
  11 hobgoblins
  11 jackals (D:1)
  3 quokkas
  A ball python (D:5)
  A ball python skeleton (D:3)
  5 bats
  5 giant newts
  A jackal skeleton (D:3)
  25 kobolds
  A quokka zombie (D:5)
  7 rats
  3 bushes (Lair:7)
  A crawling corpse (Vaults:2)
  13 fungi
  10 plants
1234 creatures vanquished.

Vanquished Creatures (collateral kills)
  A thorn hunter (Swamp:4)
  A shadow dragon (Spider:4)
  An emperor scorpion (Spider:2)
  A stone giant (Orc:2)
  11 hydras
  5 ogre magi
  An alligator (Swamp:2)
  Urug (Lair:4)
  A skeletal warrior (D:13)
  An unseen horror (D:15)
  4 deep elf archers
  A deep troll (Vaults:2)
  2 swamp dragons
  2 hill giants
  3 orb spiders
  2 shambling mangroves
  2 orc knights
  A deep elf mage (Vaults:2)
  3 griffons
  An orc sorcerer (Orc:2)
  8 ugly things
  2 wolf spiders
  An elephant (Lair:4)
  2 black mambas
  3 spiny frogs
  A komodo dragon (D:13)
  A kobold demonologist (D:15)
  2 yaktaurs (Vaults:1)
  A polar bear (Lair:8)
  A wind drake (Vaults:1)
  5 jumping spiders (Spider:4)
  2 trolls
  3 giant leeches
  A boulder beetle (Vaults:2)
  A queen bee (D:11)
  9 two-headed ogres
  3 blink frogs (Swamp:1)
  2 slime creatures
  A bog body (Swamp:2)
  3 wargs
  A spriggan (Lair:6)
  A water moccasin (D:9)
  4 redbacks
  3 tarantellas
  7 yaks
  A wraith (D:10)
  A wyvern (D:9)
  A basilisk (D:6)
  A hippogriff (D:8)
  3 hungry ghosts
  Menkaure (D:5)
  A swamp worm (Vaults:1)
  A soldier ant (D:6)
  5 orc warriors
  2 black bears (D:11)
  7 swamp drakes
  A phantom (D:6)
  3 sky beasts
  4 wasps
  A tengu (shapeshifter) (Vaults:1)
  A necrophage (Swamp:3)
  2 centaurs
  15 ogres
  A crocodile (Lair:1)
  2 big kobolds
  A giant frog (D:7)
  A wyvern skeleton (D:13)
  An elf simulacrum (Vaults:2)
  7 killer bees
  3 wights (D:13)
  An electric eel (shapeshifter) (Lair:6)
  A howler monkey (D:12)
  2 crimson imps
  3 hounds
  A quasit (D:8)
  An orc priest (Orc:2)
  An iron imp (D:13)
  8 orc wizards
  3 centaur skeletons
  An iguana (D:7)
  2 worker ants
  A hound zombie (D:7)
  A hound skeleton (D:7)
  A howler monkey zombie (D:9)
  3 gnolls
  3 adders
  3 river rats (Lair:1)
  2 shadow imps
  A giant gecko (D:5)
  24 orcs
  A giant cockroach (D:7)
  A goblin (D:11)
  2 jackals (D:8)
  8 kobolds
  2 quokkas
  A ball python (D:13)
  A giant newt (D:5)
  A rat (D:11)
260 creatures vanquished.

Vanquished Creatures (others)
  An emperor scorpion (Spider:4)
  A naga mage (D:8)
  2 demonic crawlers (Spider:4)
  An insubstantial wisp (Swamp:2)
  An orc priest (D:6)
  An orc wizard (D:5)
  A gnoll (D:4)
  An orc (D:5)
  A goblin (D:2)
  A hobgoblin (D:6)
  A kobold (D:4)
  2 blocks of ice (Swamp:4)
  8 fungi
  2 plants
24 creatures vanquished.

Grand Total: 1518 creatures vanquished

Action                   |  1- 3 |  4- 6 |  7- 9 | 10-12 | 13-15 | 16-18 | 19-21 || total
-------------------------+-------+-------+-------+-------+-------+-------+-------++-------
Melee: Short sword       |   144 |    67 |    10 |       |       |       |       ||   221
       Falchion          |       |       |   639 |    28 |       |       |       ||   667
       Long sword        |       |       |       |   164 |       |       |       ||   164
       Scimitar          |       |       |       |   456 |  1555 |   739 |       ||  2750
       Demon blade       |       |       |       |       |       |  1213 |   428 ||  1641
Invok: Deal Four         |       |       |       |     1 |     1 |       |       ||     2
       Stack Five        |       |       |       |       |     5 |     5 |       ||    10
       Triple Draw       |       |       |       |       |     1 |       |       ||     1
 Abil: Evoke Blink       |       |       |       |       |     1 |       |       ||     1
Evoke: Wand              |    11 |    36 |    46 |    36 |    20 |    12 |     2 ||   163
       Deck              |       |       |    26 |    51 |   100 |   126 |     9 ||   312
       Sack of spiders   |       |       |       |    14 |       |       |       ||    14
       Box of beasts     |       |       |       |     3 |     3 |     2 |       ||     8
       Phial of floods   |       |       |       |     1 |     4 |     6 |     1 ||    12
       Rod               |       |       |       |       |    34 |    40 |       ||    74
       Phantom mirror    |       |       |       |       |       |     2 |       ||     2
  Use: Scroll            |     6 |     4 |    11 |     6 |    12 |    19 |     3 ||    61
       Potion            |       |       |     1 |     3 |     1 |     7 |     1 ||    13
 Stab: Sleeping          |     4 |       |       |       |       |       |       ||     4
       Betrayed ally     |       |     1 |       |       |       |       |       ||     1
       Paralysed         |       |     2 |       |     8 |     5 |       |       ||    15
       Invisible         |       |       |     5 |     2 |       |       |       ||     7
       Distracted        |       |       |     2 |     1 |     6 |     6 |       ||    15
       Held in net/web   |       |       |       |     4 |       |       |       ||     4
       Confused          |       |       |       |       |     7 |       |       ||     7
       Fleeing           |       |       |       |       |       |       |     1 ||     1
  Eat: Chunk             |     2 |     5 |    18 |    24 |    44 |    24 |     7 ||   124
       Royal jelly       |       |       |     2 |     3 |     2 |       |       ||     7
       Meat ration       |       |       |       |     1 |       |     1 |       ||     2
       Pizza             |       |       |       |       |     1 |     1 |       ||     2
       Fruit             |       |       |       |       |     3 |     2 |       ||     5
       Bread ration      |       |       |       |       |     1 |     6 |       ||     7
Armor: Leather armour    |    36 |       |       |       |       |       |       ||    36
       Scale mail        |     7 |    42 |   170 |       |       |       |       ||   219
       Plate armour      |       |       |   238 |   446 |   750 |   364 |   113 ||  1911
       Swamp dragon armo |       |       |       |       |    44 |   464 |       ||   508
Dodge: Dodged            |    93 |    52 |   269 |   246 |   593 |  1290 |    90 ||  2633
Block: Other             |       |       |       |    16 |     6 |       |       ||    22
       Buckler           |       |       |       |       |   239 |   234 |       ||   473
       Shield            |       |       |       |       |       |   658 |   173 ||   831

Vault maps used:
D:1:      minmay_arrival_solitary_statue, hangedman_decor_points,
          kennysheep_decorative_pillar, minmay_misc_feat_chi
D:2:      lemuel_doored_altar, uniq_robin
D:3:      old_standard_altar, serial_undead, serial_undead_c, serial_undead_f,
          serial_undead_b, serial_undead_e, serial_undead_a, serial_undead_b
D:4:      kennysheep_kobold_camp, nemelex_deck, gammafunk_temple_overflow_wave,
          marbit_many_paths, first_bread
D:5:      overflow_temple_1_default, uniq_menkaure
D:6:      uniq_pikel
D:7:      old_standard_altar, minmay_temple_entry_purple_smoke
D:8:      grunt_qazlal_clouds, led_sif_pool, serial_shops, kennysheep_mini
D:9:      kennysheep_little_box, lemuel_round_altar
D:10:     blue_anna_alchemist, uniq_josephine
D:11:     erik_lair_orcish_takeover
D:12:     minmay_stone_box, serial_co_window_serial, co_window_paths_a,
          co_window_of_opportunity_a, co_window_paths_b, co_window_corner_a,
          co_window_of_opportunity_a, co_window_corner_a, co_window_broadway_c,
          co_window_of_opportunity_b, co_window_corner_ca, co_window_corner_ca,
          co_window_broadway_a, co_window_corner_cb, co_window_paths_c,
          co_window_paths_d, glass_columns_b, glass_columns_c, basic_altar
D:13:     hangedman_vaults_entry_quadrant_bands, basic_altar, water_boxes_lemuel
D:14:     yredelemnul_altar_generic, basic_altar, uniq_sonja
D:15:     hangedman_depths_entry_civil_slaughter, basic_altar
Temple:   cyrus_temple_forest_13
Lair:1:   grunt_megastairs_1
Lair:2:   minivault_23, eino_small_chamber_without_monster,
          infiniplex_staircase_pool
Lair:3:   swamp_mist_pool, grunt_megastairs_5
Lair:4:   spider_nest_entry_web_field, serial_bayou_lake_a, uniq_urug
Lair:5:   columned_hall_lemuel, guppyfry_lair_drakes, serial_bayou_shore_b
Lair:6:   gammafunk_lair_bear_cave, lookout_lair_type,
          cheibrodos_lair_reptile_den, serial_bayou_shore_b, uniq_maud
Lair:7:   tgw_fedhas
Lair:8:   grunt_lair_end_beastmaster, minmay_slime_entry_oklob_enclosed,
          serial_bayou_lagoon_b, grunt_megastairs_4
Swamp:1:  nicolae_swamp_fairy_circle
Swamp:2:  serial_swamp_ruin, evilmike_swamp_ruin_house_4,
          evilmike_swamp_ruin_rubble_2, evilmike_swamp_ruin_house_1, swamp_pool3
Swamp:3:  nicolae_swamp_feature_on_the_river_bank, roderic_carrion_pond
Swamp:4:  swamp
Spider:1: spider_trap
Spider:2: spiders_nest_scorpion_pit, uniq_louise
Spider:3: hangedman_spider_tarantella_strand
Spider:4: johnstein_spider_rune_arachne_lair, uniq_roxanne
Orc:1:    basic_altar, uniq_maurice, uniq_snorg
Orc:2:    st_orc_ogre_mass
Vaults:1: v_alt_pattern_4, vaults_room_pool, v_misc_18, hangedman_vaults_nodes,
          hangedman_vaults_variations, v_misc_5, nicolae_vaults_what_the_h,
          v_misc_29, ontoclasm_vaults_hangar, ontoclasm_vaults_loading_screen,
          nicolae_vaults_quartermaster, vaults_room_door_ring,
          vaults_room_pools, grunt_vaults_diagonal, serial_shops,
          nicolae_shop_crystal
Vaults:2: vaults_standard_mumra_lines, grunt_vaults_bifocal, vaults_dpeg_cross,
          nicolae_vaults_three_branches, nicolae_vaults_little_squares_3,
          ontoclasm_vaults_eye, st_spiral_rooms, vaults_dpeg_encased_lava,
          v_pattern_2
Vaults:3: nicolae_vaults_twisting_passages, nicolae_vaults_puzzle_piece,
          nicolae_vaults_circle_grid_a, v_misc_12, hangedman_vaults_stagger,
          minmay_crypt_entry_simple_walls, nicolae_vaults_theta,
          ontoclasm_vaults_chip, vaults_dpeg_spiral, nicolae_vaults_little_ls,
          hangedman_vaults_snaps, ontoclasm_vaults_loading_screen, v_misc_8,
          vaults_room_door_ring
Vaults:4: vaults_mumra_minichess, ontoclasm_vaults_chip,
          hangedman_vaults_corner_blocks, v_misc_12, dpeg_vaults_monster_row,
          nicolae_vaults_mini_display_case, vaults_room_boxed,
          vaults_room_hangedman_quadrants
